AoeStats
← jantotu

Arabia

510299277Analyzed
1v1 RM · 2d ago on Sep 30, 2026· 41m 56s· 2 players
Game mode
Random Map
Map size
Tiny (2 player)
Population
200
Speed
Normal
Resources
Standard
Victory
Conquest
Starting age
Dark Age
Ending age
Imperial Age
RankedLock teamsTeams togetherTeam positionsShared explorationLock speedFull tech treeHidden civsTurbo modeCheats
Victory
Defeat
🇯🇵 Bohemians · Japan
1279
+15
🇨🇭 Jurchens · Switzerland
1259
-15
jantotu
8:08 Loom
10:32 Feudal Age
11:02 Double-Bit Axe
12:55 Man-at-Arms
17:26 Fletching
21:39 Padded Archer Armor
24:12 Castle Age
34:42 Bow Saw
39:11 Scale Barding Armor
39:17 Forging
WilliamEyelash3000
6:55 Loom
9:59 Feudal Age
10:29 Double-Bit Axe
12:54 Fletching
17:27 Padded Archer Armor
20:26 Wheelbarrow
23:14 Castle Age
23:53 Bodkin Arrow
23:19 Crossbowman
24:10 Bow Saw
24:44 Leather Archer Armor
25:15 Horse Collar
31:32 Chemistry
31:20 Ballistics
33:27 Light Cavalry
34:09 Husbandry
35:09 Scale Barding Armor
40:55 Imperial Age
40:18 Chain Barding Armor
40:44 Heavy Plow
41:41 Bracer
Connection lost

Rejoining the realm…

Still unreachable

The connection could not be restored.

Session expired

The server has moved on; the page needs a fresh start.